 Dungeon Crawl Stone Soup version 0.22.1-1-ga44c0e5 (webtiles) character file.

827 Lavandula the Cleaver (level 7, 0/85 HPs)
             Began as a Centaur Berserker on Oct 24, 2018.
             Was a Priest of Trog.
             Succumbed to a gnoll's poison
             ... on level 5 of the Dungeon.
             The game lasted 00:10:42 (1679 turns).

Lavandula the Cleaver (Centaur Berserker)           Turns: 1679, Time: 00:10:43

Health: 0/85       AC:  5    Str: 27    XL:     7   Next: 64%
Magic:  7/7        EV:  9    Int:  6    God:    Trog [***...]
Gold:   136        SH:  0    Dex:  8    Spells: 6/6 levels left

rFire    . . .     SeeInvis .   a - +0 hand axe
rCold    + . .     Gourm    .   (no shield)
rNeg     . . .     Faith    .   j - +0 ring mail
rPois    .         Spirit   .   (no helmet)
rElec    .         Reflect  .   (no cloak)
rCorr    .         Harm     .   (no gloves)
MR       .....                  (no barding)
Stlth    ..........             (no amulet)
HPRegen  0.24/turn              m - ring of protection from cold
MPRegen  0.10/turn              (no ring)

@: berserking, lethally poisoned (0 -> -15), very quick
A: large, hooves 3, deformed body, speed 2, tough skin 3
a: Berserk, Trog's Hand, Renounce Religion


You were on level 5 of the Dungeon.
You worshipped Trog.
Trog was most pleased with you.
You were very hungry.

You visited 1 branch of the dungeon, and saw 5 of its levels.
You also visited: Ossuary.

You collected 136 gold pieces.

Inventory:

Hand Weapons
 a - a +0 hand axe (weapon)
 g - a +0 spear
 n - a cursed -1 trident
Armour
 b - a +0 animal skin
 j - a +0 ring mail (worn)
Jewellery
 m - a ring of protection from cold (left hand)
Scrolls
 d - a scroll of enchant armour
 e - 2 scrolls of teleportation
 h - a scroll of blinking
 q - 2 scrolls of remove curse
 s - 2 scrolls of noise {unknown}
 t - a scroll of immolation {unknown}
Potions
 f - 2 potions of haste
 i - a potion of invisibility
 k - a potion of might {unknown}
 l - a potion of berserk rage
 o - 2 potions of curing {unknown}
 p - a potion of heal wounds
 r - 2 potions of lignification
Comestibles
 c - 5 rations
 u - 2 chunks of flesh


   Skills:
 - Level 3.0 Fighting
 + Level 8.4 Axes
 - Level 1.3 Armour
 - Level 1.3 Dodging


You had 6 spell levels left.
You didn't know any spells.
Your spell library was empty.

Dungeon Overview and Level Annotations

Branches:
Dungeon (5/15)
 Temple: D:4-7

Altars:

Annotations:
D:5 2 transporters


Innate Abilities, Weirdness & Mutations

You have hooves in place of feet.
Armour fits poorly on your strangely shaped body.
You cover ground very quickly.
You have extremely tough skin. (AC +3)


Message History

The gnoll is almost dead.
You feel sick. The gnoll misses you.
You slash the gnoll!
You feel the power of Trog in you as your rage grows.
You kill the gnoll!
Trog accepts your kill.
You feel sick.
The gnoll hits you from afar with a spear of venom.
* * * LOW HITPOINT WARNING * * *
You barely miss the gnoll. Your kick misses the gnoll.
* * * LOW HITPOINT WARNING * * *
You feel sick. The gnoll barely misses you.
You closely miss the gnoll.
The gnoll hits you with a spear of venom.
* * * LOW HITPOINT WARNING * * *
You are more poisoned.
You slash the gnoll!
You kill the gnoll!
Trog accepts your kill.
You die...

#....#.....# # #....#.....# #
#....#.....# # +....#.....# #
#....'.g...# # ########
####.#.....#+### ##### .......#
##'####g....#.####...# .......#
#..)).#.....#...#..... .......#
#...)@).....#...#..... .......#
#.....#.....#...#..... .......#
#.....#.....#...'..... .......#
#.....#.....#...#..>..
.......######....#.....#...####'#
#####.......#....#.....#...###...
#.......#....#.....#.....#...
#.......#....#.....#.....#...
#.......'....#.....#.....+...


There were no monsters in sight!

Vanquished Creatures
  A phantom (D:5)
  2 bullfrogs
  3 howler monkeys
  A centaur zombie (Ossuary)
  A hound (D:5)
  2 orc priests
  2 orc wizards (D:5)
  4 worker ants
  A big kobold zombie (Ossuary)
  2 hound skeletons (D:4)
  3 mummies (Ossuary)
  Robin (D:4)
  An adder (D:5)
  4 gnolls (D:5)
  A shadow imp (D:5)
  An ooze (D:3)
  2 worms
  A leopard gecko (D:5)
  8 orcs
  2 giant cockroaches
  2 gnoll zombies
  11 goblins
  3 hobgoblins
  A bat (D:3)
  3 frilled lizards
  A goblin zombie (D:5)
  10 kobolds
  2 kobold zombies
  A leopard gecko skeleton (D:4)
  6 rats
83 creatures vanquished.

Notes
Turn   | Place    | Note
-------+----------+-------------------------------------------
     0 | D:1      | Lavandula the Centaur Berserker began the quest for the
                  | Orb.
     0 | D:1      | Reached XP level 1. HP: 19/19 MP: 1/1
   143 | D:1      | Reached skill level 3 in Axes
   194 | D:2      | Reached XP level 2. HP: 26/26 MP: 2/2
   291 | D:4      | Noticed Robin
   294 | D:4      | Killed Robin
   294 | D:4      | Reached XP level 3. HP: 31/31 MP: 3/3
   296 | D:4      | Reached ** piety under Trog
   298 | D:4      | Reached skill level 4 in Axes
   300 | D:4      | Reached XP level 4. HP: 19/38 MP: 4/4
   772 | D:4      | Reached skill level 5 in Axes
   772 | D:4      | Reached XP level 5. HP: 45/45 MP: 5/5
   811 | D:4      | Reached skill level 6 in Axes
   923 | D:5      | Entered Level 5 of the Dungeon
   950 | D:5      | Found a transporter.
   959 | D:5      | Reached XP level 6. HP: 39/51 MP: 6/6
  1135 | D:5      | Found a transporter.
  1236 | D:5      | Reached skill level 7 in Axes
  1239 | D:5      | Reached *** piety under Trog
  1243 | D:5      | Reached XP level 7. HP: 21/57 MP: 7/7
  1342 | D:5      | Found a sand-covered staircase.
  1364 | Ossuary  | Entered an ossuary
  1443 | Ossuary  | Reached skill level 8 in Axes
  1675 | D:5      | HP: 4/85 [gnoll/spear of venom (4)]
  1678 | D:5      | HP: 1/85 [gnoll/spear of venom (3)]
  1679 | D:5      | Succumbed to a gnoll's poison

Skill      XL: |  1  2  3  4  5  6  7 |
---------------+----------------------+-----
Axes           | 3 4 5 6 7 8 |  8.4
Fighting       | |  3.0
Armour         | |  1.3
Dodging        | |  1.3

Action                   |  1- 3 |  4- 6 |  7- 9 || total
-------------------------+-------+-------+-------++-------
Melee: Hand axe          |    33 |    79 |    53 ||   165
       Kick              |     6 |    20 |    17 ||    43
Invok: Berserk           |     1 |     4 |     4 ||     9
       Trog's Hand       |       |       |     2 ||     2
  Use: Scroll            |       |     5 |     6 ||    11
  Eat: Chunk             |       |     4 |     2 ||     6
       Ration            |       |       |     1 ||     1
Armor: Animal skin       |     7 |    13 |       ||    20
       Ring mail         |       |    22 |     9 ||    31
Dodge: Dodged            |     7 |    47 |    18 ||    72
